 Dungeon Crawl Stone Soup version 0.30.1 (webtiles) character file.

Game seed: 292963848497554936

82993 DemonSlayer the Thaumaturge (level 15, -12/148 HPs)
             Began as a Demonspawn Earth Elementalist on July 2, 2023.
             Was the Champion of Dithmenos.
             Mangled by an orc warlord
             ... wielding a +1 battleaxe of flaming
              (26 damage)
             ... on level 2 of the Orcish Mines.
             The game lasted 01:09:59 (29070 turns).

DemonSlayer the Thaumaturge (DsEE)                 Turns: 29070, Time: 01:10:00

Health: -12/148    AC: 11    Str:  9      XL:     15   Next: 31%
Magic:  2/42       EV: 16    Int: 20 (21) God:    Dithmenos [******]
Gold:   1936       SH:  8    Dex: 19      Spells: 11/43 levels left

rFire   x . .        F - +11 rapier "Qofihe" {freeze, rCorr Stlth+}
rCold   + . .        A - sphere of Battle
rNeg    . . .        D - +2 robe {rC+}
rPois   +            (helmet unavailable)
rElec   .            q - +2 cloak {rPois}
rCorr   +            x - +0 pair of gloves
SInv    .            g - +2 pair of boots {Fly}
Will    ++...        K - amulet of the acrobat Stlth
                     m - ring "Bex Yxzo" {rPois rF- MP+9 Slay+3}
HPRegen 0.44/turn    L - ring of the Ancient Tables {rPois Will+ Int+3}
MPRegen 0.28/turn

%: acrobat
@: berserking (expiring), flying, wreathed by umbra, very quick
A: horns 3, large bone plates 3, icemail 1, spiny 2, condensation shield
a: Renounce Religion, Shadow Step, Shadow Form


You were on level 2 of the Orcish Mines.
You worshipped Dithmenos.
Dithmenos was exalted by your worship.
You visited 4 branches of the dungeon, and saw 20 of its levels.
You also visited: Ossuary and Gauntlet.

You collected 3305 gold pieces.
You spent 1369 gold pieces at shops.

Inventory:

Hand Weapons
 F - the +11 rapier "Qofihe" (weapon) {freeze, rCorr Stlth+}
   (You bought it in a shop on level 8 of the Dungeon)

   rCorr:     It protects you from acid and corrosion.
   Stlth:     It makes you more stealthy.
Missiles
 b - 2 throwing nets
 Q - 7 silver boomerangs
Armour
 g - a +2 pair of boots of flying (worn)
 o - the +0 chain mail of Daucus {+Blink MP+9 Int+3 Dex+2}
   (You found it in a Gauntlet)

   Int:       It affects your intelligence (+3).
   Dex:       It affects your dexterity (+2).
   MP:        It affects your magic capacity (+9).
   +Blink:    It lets you blink.
 q - a +2 cloak of poison resistance (worn)
 x - a +0 pair of gloves (worn)
 A - the sphere of Battle (worn)
   (You found it on level 4 of the Dungeon)

   It enhances your destructive magic.
   It weakens your non-destructive magic.
   It summons a battlesphere in combat, with strength depending on Conjurations
   skill.
 D - a +2 robe of cold resistance (worn)
Jewellery
 m - the ring "Bex Yxzo" (left hand) {rPois rF- MP+9 Slay+3}
   (You found it in a Gauntlet)

   [ring of magical power]

   Slay:      It affects your accuracy & damage with ranged weapons and melee
   (+3).
   rF:        It makes you vulnerable to fire.
   rPois:     It protects you from poison.
   MP:        It affects your magic capacity (+9).
 K - an amulet of the acrobat (around neck)
 L - the ring of the Ancient Tables (right hand) {rPois Will+ Int+3}
   (You found it on level 5 of the Lair of Beasts)

   [ring of poison resistance]

   Int:       It affects your intelligence (+3).
   rPois:     It protects you from poison.
   Will:      It increases your willpower.
Wands
 a - a wand of digging (11)
 n - a wand of polymorph (12)
 v - a wand of iceblast (8)
 y - a wand of quicksilver (28)
 N - a wand of flame (14)
 O - a wand of paralysis (20)
 W - a wand of mindburst (7)
Scrolls
 d - 3 scrolls of immolation
 e - 4 scrolls of poison
 i - 2 scrolls of amnesia
 j - a scroll of silence
 k - 2 scrolls of magic mapping
 t - a scroll of enchant weapon
 u - 4 scrolls of vulnerability
 I - 2 scrolls of fog
 P - 2 scrolls of teleportation
 R - 2 scrolls of enchant armour
Potions
 f - a potion of ambrosia
 l - 2 potions of brilliance {unknown}
 p - 7 potions of might
 r - 7 potions of lignification
 s - 2 potions of haste
 w - 3 potions of berserk rage
 z - 4 potions of flight
 E - 4 potions of mutation
 G - 2 potions of cancellation
 H - 11 potions of curing
 J - 3 potions of degeneration {unknown}
 M - 2 potions of attraction {unknown}
Miscellaneous
 c - a lightning rod (4/4)
 h - a phial of floods (inert)


   Skills:
 + Level 3.6 Fighting
 + Level 4.1 Short Blades
 + Level 0.4 Throwing
 + Level 3.9 Armour
 + Level 7.1 Dodging
 + Level 7.0 Stealth
 + Level 6.2 Shields
 + Level 14.6 Spellcasting
 + Level 9.9 Conjurations
 + Level 0.8 Transmutations
 + Level 14.1 Earth Magic
 + Level 1.3 Evocations


You had 11 spell levels left.
You knew the following spells:

 Your Spells              Type           Power      Damage    Failure   Level
a - Sandblast             Erth           100%       2d20      0%          1
b - Stone Arrow           Conj/Erth      100%       3d13      1%          3
c - Passwall              Tmut/Erth      18%        N/A       1%          2
d - Petrify               Tmut/Erth      22%        N/A       1%          4
e - Iron Shot             Conj/Erth      38%        9d8       4%          6
f - Blink                 Tloc           14%        N/A       6%          2
g - Mephitic Cloud        Conj/Pois/Air  41%        N/A       3%          3
h - Ignite Poison         Fire/Tmut/Pois 23%        N/A       12%         3
i - Lehudib's Crystal Sp  Conj/Erth      38%        10d9      90%         8

Your spell library contained the following spells:

 Spells                   Type           Power      Damage    Failure   Level
 Hailstorm                Conj/Ice       51%        3d11      1%          3
 Animate Armour           Summ/Erth      42%        N/A       2%          4
 Sting                    Tmut/Pois      32%        1d4       3%          1
 Cigotuvi's Dreadful Rot  Necr/Pois/Air  14%        N/A       6%          2
 Ensorcelled Hibernation  Hex/Ice        14%        N/A       6%          2
 Poisonous Vapours        Pois/Air       44%        N/A       6%          2
 Spider Form              Tmut/Pois      8%         N/A       11%         3
 Tukima's Dance           Hex            7%         N/A       13%         3
 Vhi's Electric Charge    Tloc/Air       14%        N/A       13%         3
 Volatile Blastmotes      Fire/Tloc      44%        2d13      13%         3
 Freezing Cloud           Conj/Ice/Air   20%        6-21      30%         5
 Ice Form                 Ice/Tmut       8%         N/A       34%         4
 Anguish                  Hex/Necr       3%         N/A       38%         4
 Manifold Assault         Tloc           7%         N/A       38%         4
 Passage of Golubria      Tloc           7%         N/A       38%         4
 Blade Hands              Tmut           4%         N/A       63%         5
 Alistair's Intoxication  Tmut/Pois      5%         N/A       69%         5
 Yara's Violent Unravell  Hex/Tmut       12%        3d7       69%         5
 Simulacrum               Ice/Necr       3%         N/A       100%        6


Dungeon Overview and Level Annotations

Branches:
Dungeon (12/15)            Temple (1/1) D:7            Lair (5/5) D:10
  Swamp (0/4) Lair:2        Snake (0/4) Lair:3        Slime (0/5) Lair:4
    Orc (2/2) D:10            Elf (0/3) Orc:2       Ossuary (visited)
Gauntlet (visited)

Altars:
Ashenzari
Cheibriados
Dithmenos
Fedhas
Gozag
Hepliaklqana
Kikubaaqudgha
Makhleb
Nemelex Xobeh
Okawaru
Qazlal
Ru
Trog
Uskayaw
Vehumet
Wu Jian
Xom
Jiyva

Shops:
D:1 :   D:6 :[   D:7 *   D:8 ((*?   D:9 :


Innate Abilities, Weirdness & Mutations

You have a pair of large horns on your head.
You are completely covered in large bone plates. (SH +8)
A meltable icy envelope protects you from harm. (AC +0)
You are mostly covered in sharp spines.
A meltable shield of frost defends you. (SH +0)


Message History

Your icy defences dissipate!
The orc warlord burns you.
You emit a cloud of dark smoke.
You puncture the orc warlord! You freeze the orc warlord.
The orc warlord is moderately wounded.
Your shadow hits the orc warlord but does no damage.
The orc priest calls down the wrath of Beogh upon you.
Beogh smites you! You block the orc warlord's attack.
You hit the orc warlord. You freeze the orc warlord.
You headbutt the orc warlord!
The orc warlord is moderately wounded.
The orc warlord hits you with a +1 battleaxe of flaming!!
* * * LOW HITPOINT WARNING * * *
The orc warlord burns you!!
* * * LOW HITPOINT WARNING * * *
You closely miss the orc warlord. Your headbutt misses the orc warlord.
The orc warlord is moderately wounded.
You hit the orc warlord. You freeze the orc warlord.
You headbutt the orc warlord.
The orc warlord is heavily wounded.
You block the orc priest's attack.
The orc warlord roars a battlecry!
You hear a shout!
You puncture the orc warlord! You freeze the orc warlord.
The orc warlord is heavily wounded.
Your shadow barely misses the orc warlord.
You block the orc warlord's attack.
The orc priest hits you with a +0 flail.
* * * LOW HITPOINT WARNING * * *
You hit the orc warlord but do no damage.
You headbutt the orc warlord.
The orc warlord is heavily wounded.
Your shadow hits the orc warlord but does no damage.
You puncture the orc warlord! You freeze the orc warlord.
You headbutt the orc warlord, but do no damage.
The orc warlord is severely wounded.
The orc priest is struck by your spines.
You kill the orc priest!
Dithmenos accepts your kill.
The orc warlord hits you with a +1 battleaxe of flaming!!
You die...

....#......$.## ######
...#..........# #....#
.........$....# #....#
..............# #..*{###
...........$..# #...4.§.
...........<.# #..o....
....#.§§§§§..## ###oo.##
......§o§*§...# #.o.#
......§§@§§..## ## #...#
.....#§§§§§...#..........
......#§§§§..)#..........
.....#§#.)....[..........
........[.).).[......
.......#...).[.......
..#..#####.))..).....
...## ##.).)))...... ..
#..).#.#....


You could see an orc warlord and a friendly battlesphere.

Vanquished Creatures
  Jorgrun (D:12)
  Gastronok (D:10)
  Nessos (D:12)
  An ettin (Orc:1)
  Erolcha (D:11)
  3 hydras
  A centaur warrior (D:12)
  A catoblepas (Lair:4)
  3 boulder beetles
  A tengu warrior (Gauntlet)
  6 death yaks (Lair:5)
  3 two-headed ogres
  5 orc high priests
  The ghost of fishwithlegs the Basher, a novice MiBe of Trog (D:8)
  Nergalle (D:11)
  3 skysharks
  3 skeletal warriors (D:12)
  A goliath frog (Lair:5)
  A large abomination (Gauntlet)
  4 lindwurms
  A deep elf pyromancer (D:12)
  6 orc knights
  An oklob plant (D:5)
  2 orc sorcerers (Orc:2)
  A moth of wrath (D:8)
  An ugly thing (D:12)
  The ghost of Drain the Conjurer, a novice OpCj of Gozag (D:6)
  20 elephants
  Joseph (D:10)
  An eye of devastation (Gauntlet)
  6 black mambas
  2 unseen horrors (D:12)
  17 cane toads
  Psyche (D:12)
  7 rime drakes
  12 komodo dragons
  2 tengu conjurers (Gauntlet)
  5 trolls
  4 hornets
  2 polar bears
  23 blink frogs
  A tyrant leech (Lair:5)
  A tarantella (Lair:1)
  5 dream sheep (Lair:1)
  4 slime creatures
  A shadow (D:11)
  4 wyverns
  A vampire (D:11)
  52 yaks
  A golden eye (Gauntlet)
  A wraith (D:12)
  4 basilisks
  A neqoxec (Gauntlet)
  5 wargs
  7 vampire mosquitoes
  2 redbacks (Lair:1)
  A steam dragon (D:7)
  3 chaos spawn (Gauntlet)
  2 acid dragons (D:10)
  21 water moccasins
  A floating eye (Gauntlet)
  5 black bears
  2 ice beasts
  29 orc warriors
  8 ogres
  3 wolves (Lair:5)
  5 small abominations (Gauntlet)
  3 phantoms (D:10)
  2 elf zombies (Ossuary)
  2 kobold brigands
  16 bullfrogs
  A gnoll sergeant (D:7)
  2 scorpions
  9 wights
  3 troll zombies (D:10)
  3 electric eels
  3 howler monkeys
  3 lava snakes (Lair:1)
  A centaur zombie (Ossuary)
  4 hounds
  2 gnoll boudas
  21 orc priests
  8 jellies
  2 sleepcaps
  Jessica (D:2)
  5 iguanas
  32 orc wizards
  6 hell rats (Lair:3)
  5 ogre zombies (D:10)
  2 mummies (Ossuary)
  12 gnolls
  7 adders
  14 white imps
  2 ufetubi
  3 worms
  3 dart slugs
  69 orcs
  4 ball pythons
  25 endoplasms
  5 giant cockroaches
  6 goblins
  10 hobgoblins
  3 jackals (D:4)
  13 kobolds
  4 quokkas
  10 bats
  3 frilled lizards
  6 gnoll zombies (Ossuary)
  A goblin skeleton (D:10)
  2 goblin zombies (D:10)
  A hobgoblin skeleton (D:10)
  7 hobgoblin zombies
  4 orc skeletons (D:10)
  15 orc zombies
  7 rats
700 creatures vanquished.

Notes
Turn   | Place    | Note
-------+----------+-------------------------------------------
     0 | D:1      | DemonSlayer the Demonspawn Earth Elementalist began the
                  | quest for the Orb.
     0 | D:1      | Reached XP level 1. HP: 13/13 MP: 3/3
   165 | D:1      | Found Gevor's Book Shoppe.
   192 | D:1      | Gained mutation: You are partially covered in large bone
                  | plates. (SH +4) [demonic ancestry]
   192 | D:1      | Reached XP level 2. HP: 19/19 MP: 1/5
   781 | D:1      | Gained mutation: You are partially covered in sharp spines.
                  | [demonic ancestry]
   781 | D:1      | Reached XP level 3. HP: 23/24 MP: 0/6
  1055 | D:1      | Learned a level 3 spell: Stone Arrow
  1058 | D:1      | Learned a level 2 spell: Passwall
  1213 | D:2      | Noticed Jessica
  1221 | D:2      | Killed Jessica
  1222 | D:2      | Reached skill level 1 in Short Blades
  1222 | D:2      | Reached XP level 4. HP: 19/30 MP: 0/8
  1585 | D:2      | Got the Enchiridion on the Planar Queen Bee
  1590 | D:2      | Found a faded altar of an unknown god.
  2088 | D:3      | Gained mutation: You are mostly covered in large bone
                  | plates. (SH +6) [demonic ancestry]
  2088 | D:3      | Reached XP level 5. HP: 35/35 MP: 6/9
  2184 | D:3      | Found a stormy altar of Qazlal.
  2679 | D:3      | Learned a level 4 spell: Petrify
  2843 | D:3      | HP: 1/35 [orc priest/nerve-wracking pain (9)]
  2845 | D:3      | Gained mutation: You are completely covered in large bone
                  | plates. (SH +8) [demonic ancestry]
  2845 | D:3      | Reached XP level 6. HP: 1/41 MP: 5/11
  3302 | D:4      | Reached skill level 1 in Shields
  3800 | D:4      | Found the sphere of Battle
  3974 | D:5      | Entered Level 5 of the Dungeon
  4035 | D:5      | Reached skill level 5 in Earth Magic
  4035 | D:5      | Gained mutation: You have a pair of small horns on your
                  | head. [demonic ancestry]
  4035 | D:5      | Reached XP level 7. HP: 46/46 MP: 11/13
  4207 | D:5      | Found a snail-covered altar of Cheibriados.
  4594 | D:5      | Reached skill level 5 in Spellcasting
  5098 | D:5      | Found a blossoming altar of Fedhas.
  5109 | D:5      | Noticed an oklob plant
  5338 | D:5      | Killed an oklob plant
  5339 | D:5      | Gained mutation: A meltable shield of frost defends you.
                  | (SH +0) [demonic ancestry]
  5339 | D:5      | Reached XP level 8. HP: 52/52 MP: 13/17
  5633 | D:6      | Found Esivaw's Antique Armour Emporium.
  5786 | D:6      | Found Jeg Yhar's Tiny Tomes.
  5928 | D:6      | Noticed Drain's ghost (novice OpCj)
  5930 | D:6      | Found a transporter.
  5938 | D:6      | Found a transporter.
  6269 | D:7      | Found Pogal's General Store.
  6298 | D:7      | Noticed a hornet
  6304 | D:7      | Killed a hornet
  6305 | D:7      | Reached XP level 9. HP: 58/58 MP: 10/20
  6603 | D:7      | Found a staircase to the Ecumenical Temple.
  6728 | Temple   | Entered the Ecumenical Temple
  6753 | Temple   | Became a worshipper of Dithmenos the Shadowed
  6879 | D:7      | Identified the +0 robe "Ficuwn" {Will+ Dex-5 Slay+4
                  | Archmagi}
  8227 | D:6      | Bought a runed buckler for 165 gold pieces
  8227 | D:6      | Bought a heavily jewelled robe for 125 gold pieces
  8227 | D:6      | Identified the +3 robe "Xausod" {Harm +Inv rC+ Will-} (You
                  | bought it in a shop on level 6 of the Dungeon)
  8287 | D:8      | Found a sand-covered staircase.
  8307 | Ossuary  | Entered an ossuary
  8564 | D:8      | Found Katoc's Weapon Shoppe.
  8568 | D:8      | Found Viha Podash's Book Boutique.
  8673 | D:8      | Found Xoumiesm's Magic Scroll Shop.
  8680 | D:8      | Found Liexejir's General Store.
  8702 | D:8      | Reached * piety under Dithmenos
  8760 | D:8      | Bought a +0 cloak of poison resistance for 93 gold pieces
  8793 | D:8      | Noticed a troll
  8797 | D:8      | Killed a troll
  8812 | D:8      | Found Ziawecho's Antique Weapon Boutique.
  8879 | D:8      | Found a transporter.
  8891 | D:8      | Noticed a moth of wrath
  8892 | D:8      | Noticed fishwithlegs's ghost (novice MiBe)
  8901 | D:8      | Found a transporter.
  9125 | D:8      | Found an opulent altar of Gozag.
  9125 | D:8      | Found a hide-covered altar of Uskayaw.
  9253 | D:9      | Reached XP level 10. HP: 64/64 MP: 19/23
  9592 | D:9      | Reached ** piety under Dithmenos
  9959 | D:9      | Found Hextaog's Book Shoppe.
  9960 | D:9      | Noticed a two-headed ogre
 10067 | D:9      | Reached skill level 1 in Fighting
 10223 | D:9      | Killed a two-headed ogre
 10224 | D:9      | Reached skill level 10 in Spellcasting
 10399 | D:10     | Entered Level 10 of the Dungeon
 10432 | D:10     | Reached skill level 1 in Conjurations
 10565 | D:10     | Noticed Joseph
 10577 | D:10     | Killed Joseph
 10578 | D:10     | Reached skill level 10 in Earth Magic
 11168 | D:10     | Found a staircase to the Lair.
 11177 | D:10     | Found a staircase to the Orcish Mines.
 11247 | D:10     | Reached *** piety under Dithmenos
 11545 | D:10     | Gained mutation: You are mostly covered in sharp spines.
                  | [demonic ancestry]
 11545 | D:10     | Reached XP level 11. HP: 71/71 MP: 22/25
 11887 | D:10     | Noticed Gastronok
 11895 | D:10     | Killed Gastronok
 12237 | D:11     | Noticed a two-headed ogre
 12242 | D:11     | Killed a two-headed ogre
 12424 | D:11     | Got the Atlas of the Door
 12431 | D:11     | Noticed Nergalle
 12436 | D:11     | Killed Nergalle
 12437 | D:11     | Reached skill level 1 in Armour
 12568 | D:11     | Noticed a two-headed ogre
 12573 | D:11     | Killed a two-headed ogre
 12751 | D:11     | Noticed Erolcha
 12757 | D:11     | Killed Erolcha
 12842 | D:11     | Reached **** piety under Dithmenos
 13320 | D:12     | Noticed a centaur warrior
 13321 | D:12     | Noticed Nessos
 13334 | D:12     | HP: 3/72 [centaur warrior/arrow (13)]
 13354 | D:12     | HP: 2/72 [something (5)]
 13942 | D:12     | Killed a centaur warrior
 14059 | D:12     | Noticed a skeletal warrior
 14060 | D:12     | Noticed a skeletal warrior
 14060 | D:12     | Noticed a skeletal warrior
 14066 | D:12     | Killed a skeletal warrior
 14070 | D:12     | Killed a skeletal warrior
 14071 | D:12     | Gained mutation: You have a pair of horns on your head.
                  | [demonic ancestry]
 14071 | D:12     | Reached XP level 12. HP: 65/78 MP: 14/27
 14518 | D:12     | Reached skill level 1 in Evocations
 14638 | D:12     | Killed Nessos
 14940 | D:12     | Noticed Psyche
 14945 | D:12     | Killed Psyche
 14993 | D:12     | Noticed Jorgrun
 15001 | D:12     | Killed Jorgrun
 15002 | D:12     | Reached skill level 5 in Stealth
 15353 | D:8      | Bought the +11 rapier "Qofihe" {freeze, rCorr Stlth+} for
                  | 776 gold pieces
 15396 | D:8      | Killed fishwithlegs's ghost
 15397 | D:8      | Reached skill level 5 in Conjurations
 15638 | Lair:1   | Entered Level 1 of the Lair of Beasts
 16127 | Lair:1   | Found a runed translucent door.
 17290 | Lair:1   | Found a runed translucent gate.
 17294 | Lair:1   | Found a runed translucent gate.
 17294 | Lair:1   | Noticed a boulder beetle
 17294 | Lair:1   | Noticed a boulder beetle
 17295 | Lair:1   | Found a runed translucent gate.
 17295 | Lair:1   | Found a runed translucent gate.
 17295 | Lair:1   | Found a runed translucent gate.
 17295 | Lair:1   | Identified the +2 hat of Integrity {rElec Will+ Str+2}
 17297 | Lair:1   | Found a runed translucent gate.
 17322 | Lair:1   | Killed a boulder beetle
 17323 | Lair:1   | Gained mutation: A meltable icy envelope protects you from
                  | harm. (AC +0) [demonic ancestry]
 17323 | Lair:1   | Reached XP level 13. HP: 83/83 MP: 11/29
 17628 | Lair:1   | Identified a scroll of acquirement
 17628 | Lair:1   | Acquired 828 gold pieces
 18084 | D:6      | Killed Drain's ghost
 18372 | D:7      | Bought a potion of cancellation for 96 gold pieces
 18372 | D:7      | Bought a potion of curing for 36 gold pieces
 18459 | D:8      | Bought a scroll of teleportation for 39 gold pieces
 18459 | D:8      | Bought a scroll of teleportation for 39 gold pieces
 18782 | Lair:2   | Reached ***** piety under Dithmenos
 19112 | Lair:2   | Found a staircase to the Swamp.
 19844 | Lair:3   | Found a staircase to the Snake Pit.
 19993 | Lair:3   | Reached skill level 5 in Dodging
 20042 | Lair:3   | HP: 4/85 [skyshark (22)]
 21427 | Lair:3   | Found a hide-covered altar of Uskayaw.
 21832 | Lair:3   | Found an ornate altar of the Wu Jian Council.
 22242 | Lair:4   | Reached XP level 14. HP: 93/93 MP: 29/31
 23294 | Lair:4   | You are sucked into a shaft and drop 1 floor!
 23294 | Lair:5   | Entered Level 5 of the Lair of Beasts
 23301 | Lair:5   | Reached skill level 5 in Shields
 23736 | Lair:4   | Found a viscous altar of Jiyva.
 23736 | Lair:4   | Found a staircase to the Slime Pits.
 24131 | Lair:5   | Reached ****** piety under Dithmenos
 24820 | Lair:5   | Identified the ring of the Ancient Tables {rPois Will+
                  | Int+3}
 25335 | Lair:5   | Learned a level 6 spell: Iron Shot
 25338 | Lair:5   | Learned a level 2 spell: Blink
 25342 | Lair:5   | Learned a level 3 spell: Mephitic Cloud
 25346 | Lair:5   | Learned a level 3 spell: Ignite Poison
 25355 | Lair:5   | Learned a level 8 spell: Lehudib's Crystal Spear
 25483 | Orc:1    | Entered Level 1 of the Orcish Mines
 26101 | Orc:1    | Gained mutation: You have a pair of large horns on your
                  | head. [demonic ancestry]
 26101 | Orc:1    | Reached XP level 15. HP: 98/98 MP: 26/33
 26492 | Orc:2    | Entered Level 2 of the Orcish Mines
 26492 | Orc:2    | Found a gate leading to a gauntlet.
 26514 | Gauntlet | Entered a Gauntlet
 26514 | Gauntlet | Found a transporter.
 26514 | Gauntlet | Found a transporter.
 26640 | Gauntlet | Found a transporter.
 26643 | Gauntlet | Found a transporter.
 26643 | Gauntlet | Found a transporter.
 26655 | Gauntlet | Found a transporter.
 26659 | Gauntlet | Found a large runed translucent door.
 26660 | Gauntlet | Found a large runed translucent door.
 26661 | Gauntlet | Found a large runed translucent door.
 26661 | Gauntlet | Found a large runed translucent door.
 26661 | Gauntlet | Found a runed translucent door.
 26680 | Gauntlet | Found a transporter.
 26681 | Gauntlet | Found a transporter.
 26739 | Gauntlet | Found a transporter.
 26741 | Gauntlet | Found a large runed translucent door.
 26742 | Gauntlet | Found a large runed translucent door.
 26743 | Gauntlet | Found a large runed translucent door.
 26743 | Gauntlet | Found a large runed translucent door.
 26743 | Gauntlet | Found a runed translucent door.
 26744 | Gauntlet | Found a large runed translucent door.
 26745 | Gauntlet | Found a large runed translucent door.
 26746 | Gauntlet | Found a large runed translucent door.
 26746 | Gauntlet | Found a large runed translucent door.
 26747 | Gauntlet | Found a runed translucent gate.
 26747 | Gauntlet | Found a runed translucent gate.
 26747 | Gauntlet | Found a runed translucent gate.
 26749 | Gauntlet | Found a transporter.
 26758 | Gauntlet | Found a large runed translucent door.
 26758 | Gauntlet | Found a large runed translucent door.
 26759 | Gauntlet | Found a large runed translucent door.
 26760 | Gauntlet | Found a large runed translucent door.
 26764 | Gauntlet | Found a transporter.
 26774 | Gauntlet | Found a transporter.
 27218 | Gauntlet | Identified the ring "Bex Yxzo" {rPois rF- MP+9 Slay+3}
 27383 | Gauntlet | Identified the +5 kite shield of the New World {rN+}
 27417 | Gauntlet | Identified the +0 chain mail of Daucus {+Blink MP+9 Int+3
                  | Dex+2}
 28752 | Orc:2    | Found a staircase to the Elven Halls.
 29070 | Orc:2    | Mangled by an orc warlord

Illustrated notes

Levels and vault maps discovered:
D:1:      lemuel_arrival_broad_hall, layout_basic, serial_shops, shop,
          serial_forest, infiniplex_forest_straight_4,
          infiniplex_forest_lined_ring, infiniplex_forest_clump_cross,
          infiniplex_forest_clump_small, dreamdust_wishing_well, st_stairs_13
D:2:      layout_basic, shapermc_ecumenical_altar_pompeii, uniq_jessica
D:3:      layout_basic, mainiacjoe_overflow_six_doors_small
D:4:      layout_cave_pools
D:5:      layout_layer_cave, tgw_fedhas, mainiacjoe_overflow_catwalk
D:6:      layout_basic, gammafunk_ghost_arena, nicolae_take_the_stairs,
          nicolae_shop_i_like_small_books_too, minmay_door_square
D:7:      layout_layer_cave, temple_pool_b, serial_shops, shop,
          serial_park_tiny_1, hex_tiny
D:8:      layout_loops_ring, gammafunk_temple_overflow_elements,
          gammafunk_ghost_berserking_beasts,
          lightli_ossuary_entry_decrepit_ruins, serial_shops,
          nicolae_shop_waterfront, nicolae_shop_competitors_out_of_business,
          nicolae_shop_tiny_glass, shop, shop
D:9:      lemuel_slime, layout_loops_ring, serial_shops,
          nicolae_shop_window_shopping
D:10:     layout_loops_ring, lair_entry_dummy, zombieorc2_lemuel, minivault_22,
          uniq_gastronok, uniq_joseph
D:11:     layout_basic, portal_ice_cave_entry_imps, uniq_nergalle, uniq_erolcha
D:12:     layout_roguey, uniq_nessos, uniq_psyche, uniq_jorgrun
Temple:   nicolae_temple_bog_church
Lair:1:   gammafunk_indiana_jones, layout_cave_pods
Lair:2:   layout_gridlike, swamp_mist, beast_lair_carwin_1
Lair:3:   layout_hall_layers, minmay_snake_entry_six_corridors,
          nzn_masters_of_martial_movement, grunt_megastairs_4
Lair:4:   layout_cave_shapes, slime_entry_1, basic_altar,
          minmay_lair_drake_nest, grunt_megastairs_3,
          infiniplex_staircase_pool_2, serial_bayou_shore_a
Lair:5:   minmay_lair_end_frog_pond, layout_loops_ring, minivault_26
Orc:1:    layout_caves, mines1_david
Orc:2:    st_orc_congregation, layout_caves, gauntlet_entry_generic,
          serial_shops, nicolae_shop_gaudy_bauble

Skill      XL: |  1  2  3  4  5  6  7  8  9 10 11 12 13 14 15 |
---------------+----------------------------------------------+-----
Earth Magic    | 3 4 5 6 7 8 10 11 13 14 | 14.1
Stealth        | 2 3 4 5 6 7 |  7.0
Short Blades   | 1 2 3 4 |  4.1
Dodging        | 2 3 4 5 6 7 |  7.1
Spellcasting   | 3 4 6 7 9 10 11 12 13 14 | 14.6
Shields        | 1 2 3 4 5 6 |  6.2
Fighting       | 1 2 3 |  3.6
Conjurations   | 1 3 6 7 9 |  9.9
Armour         | 2 3 |  3.9
Evocations     | 1 |  1.3
Throwing       | |  0.4
Transmutations | |  0.8

Action                     |  1- 3 |  4- 6 |  7- 9 | 10-12 | 13-15 || total
---------------------------+-------+-------+-------+-------+-------++-------
  Melee: Dagger            |    12 |    10 |       |    24 |       ||    46
         Short sword       |       |       |    13 |    51 |       ||    64
         Headbutt          |       |       |     2 |    27 |    41 ||    70
         Rapier            |       |       |       |    19 |   154 ||   173
  Throw: Throwing net      |       |       |       |     1 |     2 ||     3
         Dart              |       |       |       |     1 |       ||     1
         Boomerang         |       |       |       |     1 |       ||     1
   Cast: Sandblast         |    47 |    87 |   143 |   112 |       ||   389
         Stone Arrow       |       |       |    16 |   176 |   451 ||   643
         Iron Shot         |       |       |       |       |    12 ||    12
  Evoke: Wand              |       |       |       |     8 |       ||     8
         Phial of floods   |       |       |       |       |     1 ||     1
    Use: Potion            |       |       |     1 |     2 |     8 ||    11
         Scroll            |       |       |    10 |    13 |    20 ||    43
   Stab: Sleeping          |     3 |     6 |     6 |    10 |     8 ||    33
         Paralysed         |       |       |       |     3 |       ||     3
         Distracted        |       |       |       |       |     2 ||     2
 Armour: Robe              |     3 |     7 |     7 |    21 |   120 ||   158
         Acid dragon scale |       |       |       |    15 |       ||    15
  Dodge: Dodged            |    13 |    28 |    17 |    83 |   297 ||   438
  Block: Other             |     6 |    22 |       |       |       ||    28
         Orb               |       |       |    46 |   123 |   314 ||   483
